 Dungeon Crawl Stone Soup version 0.28-a0-1356-g2ad6d04315 (webtiles) character file.

Game seed: 1801476504675456983

174973 Shayle the Slicer (level 17, -5/153 HPs)
             Began as a Naga Warper on Dec 30, 2021.
             Was a High Priest of Wu Jian.
             Slain by a demonic crawler (7 damage)
             ... on level 1 of the Spider Nest.
             The game lasted 02:56:01 (33151 turns).

Shayle the Slicer (Naga Warper)                    Turns: 33151, Time: 02:56:02

Health: -5/153     AC: 26    Str: 14    XL:     17   Next: 80%
Magic:  36/36      EV: 14    Int: 15    God:    Wu Jian [*****.]
Gold:   1969       SH:  6    Dex: 17    Spells: 19/30 levels left

rFire   + + .      SeeInvis +   e - +6 rapier (vamp)
rCold   + + .      Faith    .   K - +0 buckler
rNeg    + . .      Spirit   .   F - +2 robe {rC+ rF+}
rPois   +          Reflect  .   h - +1 helmet
rElec   .          Harm     .   (no cloak)
rCorr   +          Rampage  .   Z - +2 pair of gloves of Fuorph {rC+ Stlth+}
Will    +++..                   A - +4 barding {Stlth+}
Stlth   +++++++...              Q - amulet "Duny" {rN+ Regen+ rCorr MP+9}
HPRegen 1.15/turn               t - ring of protection from fire
MPRegen 0.25/turn               S - ring of willpower

@: very slow
A: AC +5, large, see invisible, deformed body, poison resistance, slowness 2,
spit poison 1, naga tail 2
}: 1/15 runes: decaying
a: Spit Poison, Renounce Religion, Wall Jump, Serpent's Lash, Heavenly Storm


You were on level 1 of the Spider Nest.
You worshipped Wu Jian.
Wu Jian was extremely pleased with you.
You visited 6 branches of the dungeon, and saw 29 of its levels.
You also visited: Bailey and Ice Cave.

You collected 2522 gold pieces.
You spent 553 gold pieces at shops.

Inventory:

Hand Weapons
 d - a +7 demon blade of venom
 e - a +6 vampiric rapier (weapon)
 q - the +7 hand axe "Shayle's Death" {flame, Str+2}
   (You found it on level 11 of the Dungeon)

   It burns those it strikes, dealing additional fire damage.
   Big, fiery blades are also staple armaments of hydra-hunters.
   Str:       It affects your strength (+2).
Missiles
 f - 115 poisoned darts (quivered)
 o - 4 curare-tipped darts
 E - 6 atropa-tipped darts
 G - 3 boomerangs of dispersal
 R - 2 throwing nets
Armour
 h - a +1 helmet (worn)
 m - the +1 ring mail of Lugonu's Felicitations {rPois Str+4}
   (You found it on level 5 of the Dungeon)

   Str:       It affects your strength (+4).
   rPois:     It protects you from poison.
 A - a +4 barding of stealth (worn)
 F - a +2 robe of resistance (worn)
 J - a +3 leather armour of cold resistance
 K - a +0 buckler (worn)
 Z - the +2 pair of gloves of Fuorph (worn) {rC+ Stlth+}
   (You found it on level 2 of the Swamp)

   rC:        It protects you from cold.
   Stlth:     It makes you more stealthy.
Jewellery
 a - the ring of Checkmate {rN+ Int+4 Dex+3}
   (You acquired it on level 1 of the Lair of Beasts)

   [ring of positive energy]

   Int:       It affects your intelligence (+4).
   Dex:       It affects your dexterity (+3).
   rN:        It protects you from negative energy.
 i - an amulet of reflection
 t - a ring of protection from fire (left hand)
 M - a ring of wizardry
 Q - the amulet "Duny" (around neck) {rN+ Regen+ rCorr MP+9}
   (You found it on level 11 of the Dungeon)

   [amulet of regeneration]

   rN:        It protects you from negative energy.
   MP:        It affects your magic capacity (+9).
   Regen:     It increases your rate of health regeneration.
   rCorr:     It protects you from acid and corrosion.
 S - a ring of willpower (right hand)
Wands
 b - a wand of mindburst (2)
 k - a wand of flame (13)
 n - a wand of charming (1)
 z - a wand of acid (3)
 L - a wand of digging (20)
Scrolls
 c - a scroll of blinking
 r - 5 scrolls of teleportation
 s - a scroll of silence
 w - 5 scrolls of immolation
 x - a scroll of holy word
 B - 3 scrolls of torment
 X - a scroll of fear
Potions
 g - 2 potions of brilliance
 j - 4 potions of magic
 l - 6 potions of haste
 p - 2 potions of ambrosia
 u - 5 potions of mutation
 v - 6 potions of curing
 D - 3 potions of flight
 H - a potion of might
 O - a potion of heal wounds
 T - 2 potions of cancellation
Miscellaneous
 y - a lightning rod (4/4)


   Skills:
 - Level 10.0 Fighting
 - Level 14.0(14.1) Short Blades
 + Level 3.1(9.6) Long Blades
 - Level 0.8 Throwing
 - Level 14.0 Armour
 - Level 11.5 Dodging
 - Level 12.9 Stealth
 - Level 5.1 Shields
 + Level 7.0 Spellcasting
 - Level 3.0 Translocations
 + Level 7.4 Transmutations
 + Level 7.5 Earth Magic
 - Level 5.4 Evocations


You had 19 spell levels left.
You knew the following spells:

 Your Spells              Type           Power      Damage    Failure   Level
a - Blink                 Tloc           28%        N/A       6%          2
b - Gell's Gravitas       Tloc           14%        N/A       12%         3
c - Statue Form           Tmut/Erth      18%        N/A       67%         6

Your spell library contained the following spells:

 Spells                   Type           Power      Damage    Failure   Level
 Passwall                 Tmut/Erth      22%        N/A       1%          2
 Apportation              Tloc           28%        N/A       3%          1
 Petrify                  Tmut/Erth      27%        N/A       6%          4
 Lesser Beckoning         Tloc           14%        N/A       12%         3
 Teleport Other           Tloc           14%        N/A       12%         3
 Animate Skeleton         Necr           10%        N/A       13%         1
 Magic Dart               Conj           20%        1d4       13%         1
 Slow                     Hex            20%        N/A       13%         1
 Summon Small Mammal      Summ           20%        N/A       13%         1
 Blade Hands              Tmut           13%        N/A       17%         5
 Call Imp                 Summ           5%         N/A       21%         2
 Portal Projectile        Hex/Tloc       18%        N/A       22%         3
 Confusing Touch          Hex            5%         N/A       36%         3
 Inner Flame              Hex/Fire       5%         N/A       36%         3
 Mephitic Cloud           Conj/Pois/Air  5%         N/A       36%         3
 Swiftness                Air            5%         N/A       36%         3
 Vampiric Draining        Necr           5%         2d6       36%         3
 Manifold Assault         Tloc           14%        N/A       71%         5
 Animate Dead             Necr           2%         N/A       78%         4
 Cause Fear               Hex            2%         N/A       78%         4
 Excruciating Wounds      Necr           2%         N/A       98%         5
 Metabolic Englaciation   Hex/Ice        2%         N/A       98%         5
 Dispersal                Tloc           7%         N/A       99%         6
 Haunt                    Necr/Summ      2%         N/A       100%        7
 Discord                  Hex            2%         N/A       100%        8
 Infestation              Necr           2%         N/A       100%        8


Dungeon Overview and Level Annotations

Branches:
Dungeon (15/15)            Temple (1/1) D:5            Lair (6/6) D:11
  Swamp (4/4) Lair:4       Spider (1/4) Lair:4        Slime (0/5) Lair:5
    Orc (2/2) D:10            Elf (0/3) Orc:2        Vaults (0/5) D:14
 Depths (0/4) D:15         Bailey (visited)           IceCv (visited)

Altars:
Cheibriados
Elyvilon
Fedhas
Gozag
Makhleb
Nemelex Xobeh
Qazlal
Sif Muna
Vehumet
Wu Jian
Xom
Yredelemnul
Beogh

Shops:
D:8 =   D:12 **   D:14 *   Orc:2 *(:(

Annotations:
D:11 3 runed translucent doors, frimble's ghost, journeyman DsWr
Lair:6 exclusions: door and obsidian statue
Swamp:1 3 runed translucent doors, blank1's ghost, journeyman MiFi
Swamp:3 exclusion: door


Innate Abilities, Weirdness & Mutations

Your serpentine skin is tough. (AC +5)
You have supernaturally acute eyesight. (SInv)
Armour fits poorly on your strangely shaped body.
Your system is resistant to poisons. (rPois)
You cover ground very slowly.
You can spit poison.
You can use your snake-like lower body to constrict enemies.


Message History

The demonic crawler shrieks in warning!
You hear an angry hiss.
You hear a hideous shriek!
You hear an angry hiss.
You hear a hideous shriek!
You hear an angry hiss. x3
Unknown command.
Aiming: Mindburst
Press: ? - help, Shift-Dir - straight line, f/p - spark wasp
Aim: a spark wasp (almost dead, chance to affect: 69%)
The spark wasp struggles to resist.
The jumping spider leaps!
The spark wasp completely misses you.
The demonic crawler hits you but does no damage.
The demonic crawler barely misses you.
The demonic crawler hits you but does no damage.
You block the jumping spider's attack. The jumping spider closely misses you.
The jumping spider hisses angrily.
Unknown command.
You spin and attack the spark wasp repeatedly.
You hit the spark wasp.
The spark wasp is almost dead.
You closely miss the spark wasp.
The spark wasp is almost dead.
You hit the spark wasp but do no damage.
The spark wasp is almost dead.
You spin and attack the jumping spider repeatedly.
You hit the jumping spider but do no damage.
You hit the jumping spider. You grab the jumping spider.
The jumping spider is lightly wounded.
You hit the jumping spider.
The jumping spider is lightly wounded.
You spin and attack the demonic crawler repeatedly.
You hit the demonic crawler but do no damage.
You hit the demonic crawler.
The demonic crawler is lightly wounded.
You hit the demonic crawler.
The demonic crawler is lightly wounded.
You constrict the jumping spider. The spark wasp stings you!
* * * LOW HITPOINT WARNING * * *
The spark wasp shocks you!
* * * LOW HITPOINT WARNING * * *
The demonic crawler hits you!
You die...

..#.... ....... ..
#....#.###.. .
....#.....# ..
#....##....#
.?.#.#.........
.....#......#
#..s@ss..##
#.^#.y..##<.###...
#...#.^.#.....[..
##.##$s.s........
###....##....s)#
#......#...#..#
#........^## .#
###..)#.### .
#$.....


You could see a spark wasp, 2 demonic crawlers and 3 jumping spiders.

Vanquished Creatures
  Mara (Swamp:4)
  A bone dragon (Swamp:4)
  Jorgrun (D:13)
  Rupert (Orc:2)
  Kirke (Swamp:1)
  A thorn hunter (Swamp:3)
  Aizul (Swamp:2)
  Nessos (D:15)
  4 eleionomae
  Azrael (D:13)
  6 bunyips
  An entropy weaver (Spider:1)
  Snorg (Lair:5)
  A boulder beetle (D:12)
  11 hydras
  A rakshasa (D:14)
  4 ghost crabs
  Erica (D:11)
  A catoblepas (D:10)
  5 ogre magi
  14 two-headed ogres
  2 centaur warriors
  8 alligators
  6 death yaks (IceCv)
  An orc high priest (Bailey)
  Urug (Lair:5)
  2 spriggan berserkers (Swamp:2)
  Sonja (Lair:6)
  5 goliath frogs
  3 spectral death yaks (Lair:6)
  10 spriggans
  5 spriggan druids
  A death drake (Swamp:3)
  7 skeletal warriors
  7 bog bodies
  3 phantasmal warriors
  7 swamp dragons
  3 necromancers (Lair:6)
  2 spectral hydras (Swamp:4)
  A wizard (D:14)
  11 ugly things
  4 deep elf pyromancers
  3 orc knights
  2 orc sorcerers (Orc:2)
  4 will-o-the-wisps
  A manticore (shapeshifter) (D:11)
  5 cyclopes
  A manticore (D:12)
  A tengu skeleton (D:15)
  Maurice (Orc:1)
  20 elephants
  24 cane toads
  3 black mambas
  A gargoyle (D:13)
  An unseen horror (D:11)
  A rime drake (shapeshifter) (D:14)
  8 rime drakes
  2 kobold demonologists
  4 swamp worm zombies (Swamp:4)
  5 komodo dragons
  A yaktaur (D:15)
  4 hydra zombies (Swamp:4)
  3 meliai (D:14)
  4 polar bears (IceCv)
  6 trolls
  A bloated husk (Swamp:1)
  6 tyrant leeches
  8 hornets
  3 slime creatures (D:13)
  19 dream sheep
  13 blink frogs
  A spectral elephant (Lair:6)
  2 alligator zombies (Swamp:4)
  4 spectral swamp dragons (Swamp:4)
  A jumping spider (Lair:4)
  2 vampires
  2 wraiths
  4 wyverns
  4 hogs (Swamp:1)
  64 yaks
  2 basilisks
  4 fire elementals
  22 vampire mosquitoes
  3 redbacks
  Edmund (D:6)
  A steam dragon (D:7)
  A warg (Orc:2)
  2 acid dragons
  A spectral cane toad (Lair:6)
  17 swamp worms
  9 water moccasins
  3 hell hounds
  18 orc warriors
  A sky beast (D:6)
  A black bear (D:7)
  3 swamp dragon zombies (Swamp:4)
  A swamp drake (Swamp:4)
  2 ice beasts
  6 necrophages
  34 ogres
  An elephant zombie (Lair:6)
  22 wolves
  A tengu (shapeshifter) (D:13)
  An elephant skeleton (Lair:6)
  17 centaurs
  9 phantoms
  10 bullfrogs
  2 wyvern zombies (D:6)
  2 scorpions
  3 gnoll sergeants
  A cane toad simulacrum (Lair:6)
  A water moccasin skeleton (D:6)
  4 water moccasin zombies
  5 killer bees (D:8)
  8 wights
  14 electric eels
  2 howler monkeys (D:8)
  6 centaur zombies
  A bullfrog zombie (D:5)
  2 hounds
  A jelly (D:5)
  3 bullfrog skeletons
  15 orc priests
  2 centaur skeletons
  4 iguanas
  18 orc wizards
  3 killer bee zombies
  A hound zombie (D:5)
  A howler monkey zombie (D:9)
  19 gnolls
  8 adders
  A swamp drake zombie (Swamp:4)
  3 shadow imps
  3 ufetubi
  An adder skeleton (D:4)
  A worm (D:2)
  2 dart slugs (D:2)
  66 orcs
  4 ball pythons
  5 endoplasms
  5 giant cockroaches
  12 goblins
  12 hobgoblins
  4 jackals
  5 quokkas
  5 bats
  3 frilled lizards
  4 kobolds
  5 rats
  A spectral orc (D:13)
  2 butterflies (Lair:2)
851 creatures vanquished.

Vanquished Creatures (collateral kills)
  Mlioglotl (Swamp:2)
  A tyrant leech (Swamp:2)
2 creatures vanquished.

Vanquished Creatures (others)
  A goliath frog (Swamp:3)
  A wizard (D:14)
  A swamp dragon (Swamp:1)
  4 bloated husks
  2 humans (Swamp:1)
  A swamp worm (Swamp:2)
  A wolf (IceCv)
  2 briar patches (Swamp:3)
  A bush (D:6)
  17 foxfires (Swamp:2)
  33 fungi
  48 plants
  8 withered plants
120 creatures vanquished.

Grand Total: 973 creatures vanquished

Notes
Turn   | Place    | Note
-------+----------+-------------------------------------------
     0 | D:1      | Shayle the Naga Warper began the quest for the Orb.
     0 | D:1      | Reached XP level 1. HP: 19/19 MP: 3/3
   129 | D:1      | Reached skill level 1 in Stealth
   242 | D:1      | Reached XP level 2. HP: 19/26 MP: 5/5
   368 | D:1      | Found a faded altar of an unknown god.
  1101 | D:2      | Reached XP level 3. HP: 17/32 MP: 6/6
  2142 | D:3      | Reached XP level 4. HP: 39/39 MP: 7/7
  2290 | D:3      | Reached skill level 5 in Stealth
  2465 | D:3      | Noticed a phantom
  2674 | D:4      | Identified a scroll of acquirement
  2674 | D:4      | Acquired a +1 rapier of freezing
  2724 | D:4      | Reached XP level 5. HP: 45/45 MP: 8/8
  3532 | D:4      | Noticed a centaur
  3544 | D:4      | Killed a centaur
  3545 | D:4      | Reached XP level 6. HP: 33/52 MP: 9/9
  3983 | D:5      | Entered Level 5 of the Dungeon
  4095 | D:5      | Noticed an ice beast
  4148 | D:5      | Reached skill level 5 in Short Blades
  4148 | D:5      | Reached XP level 7. HP: 24/60 MP: 10/10
  4759 | D:4      | Reached skill level 10 in Stealth
  4759 | D:4      | Reached XP level 8. HP: 21/67 MP: 11/11
  4982 | D:5      | Identified the +1 ring mail of Lugonu's Felicitations
                  | {rPois Str+4}
  5067 | D:5      | Found a staircase to the Ecumenical Temple.
  5090 | Temple   | Entered the Ecumenical Temple
  5120 | Temple   | Became a worshipper of the Wu Jian Council
  6107 | D:3      | Reached * piety under Wu Jian
  6651 | D:6      | Reached XP level 9. HP: 50/73 MP: 12/12
  6779 | D:6      | Found a blossoming altar of Fedhas.
  6827 | D:6      | Learned a level 2 spell: Blink
  6864 | D:6      | Noticed Edmund
  6870 | D:6      | Killed Edmund
  7008 | D:6      | Acquired a +1 barding of stealth
  7360 | D:6      | Reached ** piety under Wu Jian
  7726 | D:7      | Noticed a hornet
  7752 | D:7      | Killed a hornet
  7753 | D:7      | Reached skill level 5 in Fighting
  8037 | D:7      | Reached XP level 10. HP: 88/88 MP: 13/13
  8174 | D:7      | Reached skill level 1 in Armour
  8408 | D:8      | Learned a level 3 spell: Gell's Gravitas
  8410 | D:8      | Found Ciuty's Jewellery Shoppe.
  8671 | D:8      | Found a flagged portal.
  8684 | Bailey   | Entered a bailey
  8812 | Bailey   | Noticed an orc knight
  8899 | Bailey   | Noticed a kobold demonologist
  8934 | Bailey   | Killed an orc knight
  8964 | Bailey   | Reached *** piety under Wu Jian
  9442 | Bailey   | Killed a kobold demonologist
  9566 | Bailey   | Found an iron altar of Okawaru.
  9566 | Bailey   | Noticed an orc high priest
  9571 | Bailey   | Noticed an orange demon
  9582 | Bailey   | Killed an orc high priest
  9825 | Bailey   | Identified the +5 trident "Etrav" {antimagic, rCorr}
 10389 | D:8      | Reached skill level 5 in Armour
 10554 | D:9      | Reached XP level 11. HP: 101/104 MP: 14/14
 10583 | D:9      | Reached **** piety under Wu Jian
 11398 | D:10     | Entered Level 10 of the Dungeon
 11725 | D:10     | Found a staircase to the Orcish Mines.
 11856 | D:10     | Noticed a catoblepas
 11870 | D:10     | Killed a catoblepas
 12078 | D:10     | Noticed a two-headed ogre
 12082 | D:10     | Killed a two-headed ogre
 12103 | D:10     | Noticed a skeletal warrior
 12367 | D:10     | Reached skill level 10 in Fighting
 12579 | D:10     | Noticed a skeletal warrior
 12780 | D:10     | Noticed a skeletal warrior
 12796 | D:10     | Killed a skeletal warrior
 12881 | D:10     | Noticed a skeletal warrior
 12890 | D:10     | Noticed a skeletal warrior
 13051 | Orc:1    | Entered Level 1 of the Orcish Mines
 13136 | Orc:1    | Noticed an orc knight
 13141 | Orc:1    | Noticed Maurice
 13527 | D:11     | Noticed a manticore
 13543 | D:11     | Killed a manticore
 13976 | D:11     | Noticed a skeletal warrior
 14283 | D:11     | Identified the amulet "Duny" {rN+ Regen+ rCorr MP+9}
 14358 | D:11     | Noticed frimble's ghost (journeyman DsWr)
 14373 | D:11     | Found a runed translucent gate.
 14373 | D:11     | Found a runed translucent gate.
 14373 | D:11     | Found a runed translucent gate.
 14401 | D:11     | Noticed a skeletal warrior
 14401 | D:11     | Noticed a skeletal warrior
 14414 | D:11     | Found a staircase to the Lair.
 14424 | Lair:1   | Entered Level 1 of the Lair of Beasts
 14426 | Lair:1   | You fall into a shaft and drop 1 floor!
 14608 | Lair:1   | Reached XP level 12. HP: 102/116 MP: 15/15
 14677 | Lair:1   | Found a frozen archway.
 14707 | IceCv    | Entered an ice cave
 14955 | IceCv    | Reached skill level 10 in Armour
 15075 | IceCv    | Noticed a death yak
 15086 | IceCv    | Killed a death yak
 15120 | IceCv    | Noticed a death yak
 15121 | IceCv    | Noticed a death yak
 15151 | IceCv    | Killed a death yak
 15396 | IceCv    | Killed a death yak
 15397 | IceCv    | Reached skill level 10 in Short Blades
 15569 | IceCv    | Noticed a death yak
 15587 | IceCv    | Killed a death yak
 15644 | IceCv    | Noticed a death yak
 15666 | IceCv    | HP: 5/116 [death yak (11)]
 15667 | IceCv    | Killed a death yak
 15781 | IceCv    | Noticed a death yak
 15839 | IceCv    | Killed a death yak
 15921 | IceCv    | Noticed a frost giant
 15921 | IceCv    | Noticed a death yak
 15941 | IceCv    | HP: 3/116 [frost giant/bolt of cold (10)]
 16124 | Lair:1   | Identified the +6 shortbow of Dissent {venom, rF+ rN+}
 16193 | Lair:1   | Gained mutation: You can use your snake-like lower body to
                  | constrict enemies. [Naga growth]
 16193 | Lair:1   | Reached XP level 13. HP: 123/123 MP: 16/16
 16316 | Lair:1   | Reached ***** piety under Wu Jian
 16355 | Lair:1   | Identified the +5 scale mail of the Arcane {Dex+3}
 16698 | Lair:2   | Identified the +6 longbow of Thoughtfulness {venom, Will+
                  | Int-3 Dex+7}
 18602 | Lair:4   | Found a staircase to the Swamp.
 18688 | Lair:4   | Found the dreamshard necklace {*Dream Drain}
 18851 | Lair:4   | Identified the +6 long sword of Scorn {elec, rN+}
 19010 | Lair:4   | Found a hole to the Spider Nest.
 19188 | Lair:4   | Reached XP level 14. HP: 132/132 MP: 17/17
 19446 | Lair:5   | Noticed Urug
 19610 | Lair:5   | Noticed Snorg
 19631 | Lair:5   | Killed Urug
 19652 | Lair:5   | Killed Snorg
 19660 | Lair:5   | Identified the +0 leather armour of Somewhere Else {Contam
                  | rElec Dex+2}
 19996 | Lair:5   | Found a staircase to the Slime Pits.
 20168 | Lair:1   | Acquired the ring of Checkmate {rN+ Int+4 Dex+3}
 20185 | D:12     | Paralysed by an ogre mage for 6 turns
 20471 | Lair:6   | Entered Level 6 of the Lair of Beasts
 20628 | Lair:6   | Reached skill level 1 in Evocations
 20692 | Lair:6   | Reached ****** piety under Wu Jian
 20900 | Lair:6   | Noticed Sonja
 20907 | Lair:6   | Killed Sonja
 21160 | Lair:6   | Noticed a dire elephant
 21161 | Lair:6   | Noticed a dire elephant
 21161 | Lair:6   | Noticed a dire elephant
 21310 | Lair:6   | Reached skill level 5 in Evocations
 21327 | Lair:6   | Reached XP level 15. HP: 138/138 MP: 18/18
 21386 | Lair:6   | Reached skill level 5 in Dodging
 21758 | D:11     | Noticed Erica
 21764 | D:11     | Killed Erica
 22200 | Lair:1   | Upgraded the game from 0.28-a0-1347-g113dc556a4 to
                  | 0.28-a0-1356-g2ad6d04315
 22280 | D:11     | Identified the +7 hand axe "Shayle's Death" {flame, Str+2}
 22546 | D:12     | Found Riwamenk's Assorted Antiques.
 23233 | D:12     | Found Illehow's CLEARANCE SALE!.
 23239 | D:12     | Bought a scroll of noise for 4 gold pieces
 23533 | D:13     | Noticed Jorgrun
 23559 | D:13     | Killed Jorgrun
 23700 | D:13     | Found a basalt altar of Yredelemnul.
 23897 | D:13     | Noticed Azrael
 23916 | D:12     | Bought a scroll of blinking for 187 gold pieces
 23916 | D:12     | Bought a scroll of identify for 50 gold pieces
 23916 | D:12     | Bought a scroll of identify for 50 gold pieces
 24010 | D:13     | Killed Azrael
 24349 | Orc:1    | Killed Maurice
 24546 | Orc:1    | You fall into a shaft and drop 1 floor!
 24546 | Orc:2    | Entered Level 2 of the Orcish Mines
 24664 | Orc:2    | Found a staircase to the Elven Halls.
 24741 | Orc:2    | Noticed Rupert
 24770 | Orc:2    | Killed Rupert
 24943 | Orc:1    | Learned a level 6 spell: Statue Form
 25141 | Orc:2    | Reached skill level 10 in Dodging
 25221 | Orc:2    | Reached XP level 16. HP: 53/146 MP: 19/19
 25230 | Orc:2    | Found Tinaciyd's Weapon Boutique.
 25236 | Orc:2    | Found Qifel's Book Shoppe.
 25238 | Orc:2    | Found Vudoiruj's Assorted Antiques.
 25238 | Orc:2    | Found Ife Zen's Weapon Shoppe.
 25303 | Orc:2    | Bought a potion of heal wounds for 140 gold pieces
 25679 | Swamp:1  | Entered Level 1 of the Swamp
 25751 | Swamp:1  | Reached skill level 1 in Transmutations
 25751 | Swamp:1  | Reached skill level 1 in Earth Magic
 25828 | Swamp:1  | Noticed Kirke
 25837 | Swamp:1  | Reached skill level 1 in Shields
 25839 | Swamp:1  | Killed Kirke
 25998 | Swamp:1  | Found a runed translucent gate.
 25998 | Swamp:1  | Found a runed translucent gate.
 25998 | Swamp:1  | Found a runed translucent gate.
 25998 | Swamp:1  | Noticed blank1's ghost (journeyman MiFi)
 25999 | Swamp:1  | Identified the +4 trident of Imoilasm {vorpal, rElec Str+3}
 26355 | Swamp:2  | Noticed Mlioglotl
 26472 | Swamp:2  | Noticed a bone dragon
 26472 | Swamp:2  | Noticed a hellephant
 26475 | Swamp:2  | Killed Mlioglotl
 26476 | Swamp:2  | Reached skill level 5 in Shields
 26695 | Swamp:2  | Noticed Aizul
 26700 | Swamp:2  | Killed Aizul
 27118 | Swamp:3  | Noticed a thorn hunter
 27177 | Swamp:2  | Identified the +2 pair of gloves of Fuorph {rC+ Stlth+}
 27610 | Swamp:3  | Killed a thorn hunter
 28073 | Swamp:3  | Reached XP level 17. HP: 153/153 MP: 23/23
 28681 | Swamp:4  | Entered Level 4 of the Swamp
 28735 | Swamp:4  | Reached skill level 5 in Earth Magic
 28739 | Swamp:4  | Reached skill level 5 in Transmutations
 28831 | Swamp:4  | Reached skill level 5 in Spellcasting
 28933 | Swamp:4  | Noticed Mara
 28935 | Swamp:4  | Noticed Shayle's illusion
 29304 | Swamp:4  | Noticed Shayle's illusion
 29310 | Swamp:4  | Killed Mara
 29792 | Swamp:4  | Noticed a bone dragon
 30131 | D:14     | Found Ytaoxeto's Assorted Antiques.
 30146 | D:14     | Bought a scroll labelled LENOUM ISHRALU for 25 gold pieces
 30146 | D:14     | Bought a fizzy golden potion for 22 gold pieces
 30146 | D:14     | Bought a scroll of teleportation for 75 gold pieces
 30393 | D:14     | Reached skill level 1 in Long Blades
 31220 | D:14     | Found a gate to the Vaults.
 31485 | D:15     | Entered Level 15 of the Dungeon
 31632 | D:15     | Noticed Nessos
 31635 | D:15     | Killed Nessos
 31699 | D:15     | Found a staircase to the Depths.
 32597 | Swamp:4  | Killed a bone dragon
 32925 | Swamp:4  | Got a decaying rune of Zot
 33132 | Spider:1 | Entered Level 1 of the Spider Nest
 33147 | Spider:1 | HP: 3/153 [spark wasp (13)]
 33151 | Spider:1 | Slain by a demonic crawler

Illustrated notes

Levels and vault maps discovered:
D:1:      dpeg_arrival_pits, layout_basic,
          shapermc_ecumenical_altar_mp_urbaneastern
D:2:      minmay_door_path, layout_basic
D:3:      layout_rooms, grunt_ministairs_14
D:4:      nicolae_cairo_tiling_very_big, layout_basic
D:5:      layout_cave_pods, minmay_temple_entry_junction
D:6:      layout_gridville, fedhas_altar_decomposition, uniq_edmund
D:7:      layout_basic, kennysheep_generic_room_9
D:8:      layout_loops_ring, enter_bailey_6, serial_shops, shop,
          minmay_misc_feat_pillars
D:9:      layout_loops_corners
D:10:     layout_stronghold, orc_0_dummy, serial_rivers,
          chequers_serial_rivers_micro_e, chequers_serial_rivers_micro_e,
          chequers_serial_rivers_large_a, chequers_serial_rivers_room_b,
          chequers_serial_rivers_large_b, chequers_serial_rivers_micro_a
D:11:     layout_irregular_city, lair_entry_dummy, gammafunk_ghost_icy,
          uniq_erica
D:12:     layout_cave_pods, nicolae_take_the_stairs, nicolae_shop_clearance
D:13:     layout_stronghold, yredelemnul_forgotten_temple_becter, uniq_jorgrun,
          uniq_azrael
D:14:     layout_rooms, david_vaults_4, serial_shops, nicolae_lakefront_shop,
          serial_co_window_serial, co_window_paths_b,
          co_window_of_opportunity_a, co_window_corner_a,
          co_window_of_opportunity_a, co_window_paths_a,
          co_window_of_opportunity_a, co_window_corner_a, co_window_paths_a,
          co_window_paths_b, co_window_paths_c, co_window_unsneaky_path_b,
          co_window_2corner, co_window_of_opportunity_c, co_window_corner_b,
          co_window_unsneaky_path_b, co_window_paths_d, glass_columns_b,
          glass_columns_b, glass_columns_a
D:15:     gammafunk_depths_entry_grave, layout_loops_ring,
          ebering_dispersal_statue_hall, uniq_nessos
Temple:   regret_index_temple_sigil_plot
Lair:1:   layout_gridlike, portal_ice_cave_entry_pillars_2,
          grunt_forest_stairs_basic, beast_lair_carwin_3, lemuel_fruit_tree
Lair:2:   layout_gridlike, grunt_megastairs_5, lemuel_fruit_fields
Lair:3:   layout_cave_shapes, serial_bayou, serial_bayou_pond_d,
          serial_bayou_ford_a, serial_bayou_pond_b, serial_bayou_crossing,
          ldierk_geyser, grunt_forest_small_clearing_treed
Lair:4:   layout_roguey, minmay_swamp_entry_eels, spider_nest_entry_funnel_web
Lair:5:   layout_roguey, dpeg_slime_entry_corner, uniq_urug, uniq_snorg
Lair:6:   due_jungle_book, layout_small_grid, uniq_sonja
Swamp:1:  layout_basic_swamp, gammafunk_ghost_necromancy,
          nicolae_swamp_feature_on_the_river_bank, swamp_pool2, uniq_kirke
Swamp:2:  layout_basic_swamp, serial_swamp_ruin, evilmike_swamp_ruin_wall,
          hangedman_swamp_ruin_wall, evilmike_swamp_ruin_house_4,
          uniq_mlioglotl, uniq_aizul
Swamp:3:  layout_basic_swamp, evilmike_swamp_ruin_house_3,
          nicolae_swamp_necromancy_gone_wrong
Swamp:4:  swamp_pestilence, layout_basic_swamp, uniq_mara
Spider:1: layout_spider_delve, nicolae_crawler_farm
Orc:1:    layout_caves, basic_altar, uniq_maurice
Orc:2:    st_orc_ogre_mass, layout_caves, uniq_rupert

Skill      XL: |  1  2  3  4  5  6  7  8  9 10 11 12 13 14 15 16 17 |
---------------+----------------------------------------------------+-----
Stealth        | 2 4 5 7 8 10 12 | 12.9
Short Blades   | 3 4 5 6 7 9 10 13 14 | 14.0
Fighting       | 5 8 10 | 10.0
Armour         | 5 8 11 13 14 | 14.0
Dodging        | 4 10 11 | 11.5
Evocations     | 5 |  5.4
Transmutations | 4 7 |  7.4
Earth Magic    | 4 7 |  7.5
Shields        | 5 |  5.1
Spellcasting   | 4 7 |  7.0
Long Blades    | 3 |  3.1
Throwing       | |  0.8
Translocations | |  3.0

Action                   |  1- 3 |  4- 6 |  7- 9 | 10-12 | 13-15 | 16-18 || total
-------------------------+-------+-------+-------+-------+-------+-------++-------
Melee: Short sword       |    49 |     6 |       |       |       |       ||    55
       Dagger            |       |    20 |       |       |       |       ||    20
       Rapier            |       |    70 |   325 |  1059 |  1752 |  1155 ||  4361
       Dire flail        |       |       |       |    15 |       |       ||    15
       Constrict         |       |       |       |       |   258 |   188 ||   446
       Demon blade       |       |       |       |       |       |   264 ||   264
       Hand axe          |       |       |       |       |       |    65 ||    65
Throw: Boomerang         |     1 |     4 |       |     7 |       |     2 ||    14
       Dart              |       |     4 |     5 |     7 |    16 |       ||    32
       Javelin           |       |       |       |     4 |       |       ||     4
       Throwing net      |       |       |       |     1 |     2 |       ||     3
 Cast: Gell's Gravitas   |       |       |       |     1 |       |       ||     1
       Blink             |       |       |       |       |     1 |       ||     1
Invok: Lunge             |       |       |    24 |    56 |   100 |    58 ||   238
       Whirlwind         |       |       |    64 |   361 |   358 |   247 ||  1030
       Serpent's Lash    |       |       |       |     3 |     2 |    11 ||    16
       Heavenly Storm    |       |       |       |       |     1 |     3 ||     4
 Abil: Spit Poison       |    34 |    25 |    13 |    30 |     4 |     1 ||   107
       Wall Jump         |       |       |       |    18 |    34 |    41 ||    93
Evoke: Wand              |       |       |       |       |    10 |    13 ||    23
       Lightning rod     |       |       |       |       |     3 |     4 ||     7
  Use: Scroll            |       |     8 |     5 |    25 |     8 |    14 ||    60
       Potion            |       |     1 |     3 |    13 |     4 |     7 ||    28
 Stab: Sleeping          |     1 |     7 |    12 |    39 |    51 |    30 ||   140
       Distracted        |       |       |     1 |       |     7 |     8 ||    16
       Invisible         |       |       |       |     5 |       |       ||     5
       Held in net/web   |       |       |       |     1 |     2 |       ||     3
Armor: Leather armour    |    13 |    40 |     8 |   223 |       |       ||   284
       Ring mail         |       |       |    98 |   285 |   497 |    66 ||   946
       Skin              |       |       |       |    22 |       |       ||    22
       Robe              |       |       |       |       |       |   439 ||   439
Dodge: Dodged            |    24 |    74 |    71 |   239 |   344 |   573 ||  1325
Block: Other             |     3 |    44 |    39 |    68 |       |       ||   154
       Reflection        |     1 |     3 |       |     5 |       |       ||     9
       Buckler           |       |       |       |       |       |   219 ||   219

Table legend: (Time is in decaauts)
 A = Elapsed time spent in this place.
 B = Non-inter-level travel time spent in this place.
 C = Inter-level travel time spent in this place.
 D = Time resting spent in this place.
 E = Time spent auto-exploring this place.
 F = Levels seen in this place.
 G = Mean time per level.
                   A        B        C        D        E       F      G
               +--------+--------+--------+--------+--------+-----+--------+
         Total |  42155 |  37588 |   4567 |   6799 |  18514 |  31 | 1359.8 |
       Dungeon |  22374 |  20238 |   2136 |   3748 |  11157 |  15 | 1491.6 |
        Temple |    224 |    194 |     30 |    123 |     21 |   1 |  224.0 |
          Lair |   8469 |   7049 |   1420 |    249 |   4486 |   6 | 1411.5 |
         Swamp |   6504 |   5616 |    888 |   1009 |   2086 |   4 | 1626.0 |
   Spider Nest |     19 |     19 |      0 |      0 |      0 |   1 |   19.0 |
  Orcish Mines |   1690 |   1599 |     91 |    155 |    666 |   2 |  845.0 |
        Bailey |   1338 |   1338 |      0 |    829 |     32 |   1 | 1338.0 |
      Ice Cave |   1534 |   1534 |      0 |    684 |     64 |   1 | 1534.0 |
               +--------+--------+--------+--------+--------+-----+--------+

Top non-repeatable levels by time:
    D:10: 3133 daAuts
     D:4: 2337 daAuts
 Swamp:4: 2108 daAuts
     D:5: 1731 daAuts
  Lair:1: 1673 daAuts
 Swamp:3: 1647 daAuts
    D:11: 1612 daAuts
     D:6: 1574 daAuts
     D:2: 1539 daAuts
   IceCv: 1534 daAuts
    D:14: 1514 daAuts
  Lair:6: 1499 daAuts
 Swamp:2: 1490 daAuts
  Lair:3: 1479 daAuts
    D:13: 1441 daAuts
